 Seeded DCSS version 0.28-a0-863-g8cecda6153 (webtiles) character file.

Game seed: 20211011 (custom seed)

86 a11behringer the Chopper (level 4, -4/40 HPs)
             Began as a Hill Orc Fighter on Nov 16, 2021.
             Was a Follower of Vehumet.
             Slain by an orc (6 damage)
             ... on level 3 of the Dungeon.
             The game lasted 00:07:25 (2559 turns).

a11behringer the Chopper (Hill Orc Fighter)         Turns: 2559, Time: 00:07:27

Health: -4/40      AC:  7    Str: 19    XL:     4   Next: 50%
Magic:  13/13      EV:  9    Int:  8    God:    Vehumet [*.....]
Gold:   181        SH:  4    Dex: 10    Spells: 2/3 levels left

rFire   . . .      SeeInvis .   a - +0 war axe
rCold   . . .      Faith    .   c - +0 buckler
rNeg    . . .      Spirit   .   b - +0 scale mail
rPois   .          Reflect  .   (no helmet)
rElec   .          Harm     .   (no cloak)
rCorr   .          Rampage  .   (no gloves)
Will    .....                   (no boots)
Stlth   ..........              (no amulet)
HPRegen 0.13/turn               h - ring of magical power
MPRegen 0.13/turn               (no ring)

@: no status effects
A: no striking features
a: Renounce Religion


You were on level 3 of the Dungeon.
You worshipped Vehumet.
Vehumet was aware of your devotion.
You visited 1 branch of the dungeon, and saw 3 of its levels.

You collected 181 gold pieces.

Inventory:

Hand Weapons
 a - a +0 war axe (weapon)
Missiles
 k - 45 bolts
Armour
 b - a +0 scale mail (worn)
 c - a +0 buckler (worn)
Jewellery
 h - a ring of magical power (left hand)
Scrolls
 f - a scroll of blinking
Potions
 d - a potion of might
 e - a potion of haste
 j - 3 potions of curing {unknown}


   Skills:
 + Level 4.0 Fighting
 * Level 4.5 Axes
 + Level 4.1 Armour
 + Level 3.6 Shields


You had 2 spell levels left.
You knew the following spells:

 Your Spells              Type           Power      Damage    Failure   Level
a - Shock                 Conj/Air       0%         1d3       78%         1

Your spell library contained the following spells:

 Spells                   Type           Power      Damage    Failure   Level


Dungeon Overview and Level Annotations

Branches:
Dungeon (3/15)

Altars:
Vehumet
Xom

Shops:
D:3 [


Message History

Vehumet accepts your kill.
You completely miss something. Something hits you. The orc closely misses you.
You hear some strange, mumbled words.
You are more confused.
You're too confused to move!
The orc hits you with a +0 flail. The hobgoblin hits you.
Something hits you but does no damage. The orc hits you with a +0 flail.
Something hits you.
You slash the hobgoblin!
You kill the hobgoblin!
Vehumet accepts your kill.
You closely miss the orc. You miss something.
Something hits you but does no damage. The orc hits you but does no damage.
Something hits you.
You see here a hobgoblin corpse.
Something hits you but does no damage.
You see here a +0 flail.
Something hits you. The orc barely misses you.
You hit the orc.
The orc is severely wounded.
You barely miss something. Something hits you but does no damage.
The orc hits you with a +0 flail.
* * * LOW HITPOINT WARNING * * *
You miss something. You miss the orc. Something hits you but does no damage.
The orc hits you but does no damage. Something hits you but does no damage.
You barely miss the orc.
The orc is severely wounded.
You closely miss something.
You feel less confused. The orc hits you with a +0 flail.
* * * LOW HITPOINT WARNING * * *
Something hits you.
* * * LOW HITPOINT WARNING * * *
The orc barely misses you.
You hit the orc but do no damage.
The orc is severely wounded.
Your scale mail prevents you from hitting something.
You hear some strange, mumbled words.
Something tries to affect you, but you resist.
The orc hits you with a +0 flail.
You die...

.. ##.. ...#...
...##.... .......
.........# ......#
.......... .......
.........##.......
#................
.................
#.....)@.#
#...).{o.# .##
#....#.#...# ....
#....#.#...#
#..#....#.......
#.......#.#.......
##.##...####+#....
. #.##........
....
..###...†..###..
...


You could see an orc.

Vanquished Creatures
  4 adders
  2 dart slugs
  2 orcs (D:3)
  3 ball pythons (D:1)
  2 endoplasms (D:1)
  6 goblins
  9 hobgoblins
  4 jackals (D:1)
  3 bats
  A frilled lizard (D:2)
  2 kobolds
  2 rats (D:1)
  3 toadstools (D:1)
43 creatures vanquished.

Vanquished Creatures (others)
  8 fungi (D:1)
  2 toadstools (D:1)
10 creatures vanquished.

Grand Total: 53 creatures vanquished

Notes
Turn   | Place    | Note
-------+----------+-------------------------------------------
     0 | D:1      | a11behringer the Hill Orc Fighter began the quest for the
                  | Orb.
     0 | D:1      | Reached XP level 1. HP: 19/19 MP: 1/1
   106 | D:1      | Reached XP level 2. HP: 27/27 MP: 2/2
   718 | D:1      | Reached XP level 3. HP: 33/33 MP: 3/3
  1366 | D:2      | Reached XP level 4. HP: 34/40 MP: 4/4
  1880 | D:2      | Found a shimmering altar of Xom.
  2147 | D:2      | Found a faded altar of an unknown god.
  2162 | D:2      | Prayed at the altar of an unknown god.
  2162 | D:2      | Became a worshipper of Vehumet
  2162 | D:2      | Reached * piety under Vehumet
  2162 | D:2      | Offered knowledge of Shock by Vehumet.
  2379 | D:3      | Learned a level 1 spell: Shock
  2478 | D:3      | Found Pakk's Armour Boutique.
  2558 | D:3      | HP: 2/40 [something (4)]
  2559 | D:3      | Slain by an orc

Illustrated notes

Levels and vault maps discovered:
D:1:      minmay_arrival_wavy_path, layout_basic, minmay_gold_behind_fungi,
          kennysheep_small_spiral
D:2:      layout_basic, basic_altar, hellmonk_ecumenical_altar_prayer_group,
          minmay_quadrilaterals
D:3:      layout_basic, serial_shops, nicolae_shop_advertising_works
          [nicolae_subvault_shop_adworks]

Skill      XL: |  1  2  3  4 |
---------------+-------------+-----
Axes           | 3 4 |  4.5
Fighting       | 4 |  4.0
Armour         | 4 |  4.1
Shields        | |  3.6

Action                   |  1- 3 |  4- 6 || total
-------------------------+-------+-------++-------
Melee: War axe           |   104 |    48 ||   152
  Use: Scroll            |     2 |       ||     2
       Potion            |       |     4 ||     4
Armor: Scale mail        |    53 |    33 ||    86
Dodge: Dodged            |    50 |    25 ||    75
Block: Buckler           |    28 |    16 ||    44

Table legend: (Time is in decaauts)
 A = Elapsed time spent in this place.
 B = Non-inter-level travel time spent in this place.
 C = Inter-level travel time spent in this place.
 D = Time resting spent in this place.
 E = Time spent auto-exploring this place.
 F = Levels seen in this place.
 G = Mean time per level.
                   A        B        C        D        E       F      G
               +--------+--------+--------+--------+--------+-----+--------+
         Total |   2608 |   2313 |    295 |      0 |   1921 |   3 |  869.3 |
       Dungeon |   2608 |   2313 |    295 |      0 |   1921 |   3 |  869.3 |
               +--------+--------+--------+--------+--------+-----+--------+

Top non-repeatable levels by time:
     D:2: 1297 daAuts
     D:1: 1093 daAuts
     D:3: 217 daAuts
